 Dungeon Crawl Stone Soup version 0.27-a0-346-ga689d4a613 (webtiles) character file.

Game seed: 9400117349019220440

2446 tilp the Martial Artist (level 9, 0/62 HPs)
             Began as an Octopode Transmuter on Feb 15, 2021.
             Was a Follower of Okawaru.
             Slain by a killer bee (4 damage)
             ... on level 8 of the Dungeon.
             The game lasted 00:12:53 (8485 turns).

tilp the Martial Artist (Octopode Transmuter)       Turns: 8485, Time: 00:12:55

Health: 0/62       AC:  1    Str:  9    XL:     9   Next: 49%
Magic:  12/12      EV: 16    Int: 18    God:    Okawaru [*.....]
Gold:   338        SH:  0    Dex: 13    Spells: 5/12 levels left

rFire    . . .     SeeInvis .     - Unarmed
rCold    . . .     Faith    .   (no shield)
rNeg     . . .     Spirit   .   (helmet restricted)
rPois    .         Reflect  .   o - amulet of regeneration
rElec    .         Harm     .   l - ring of willpower
rCorr    .         Rampage  .   (no ring)
Will     +....                  (no ring)
Stlth    +++.......             (no ring)
HPRegen  1.20/turn              (no ring)
MPRegen  0.13/turn              (no ring)
                                (no ring)
                                (no ring)

@: lethally poisoned (0 -> -1)
A: almost no armour, stealthy swim, amphibious, 8 rings, constrict 8, camouflage
1, gelatinous body 1
a: Renounce Religion, Heroism


You were on level 8 of the Dungeon.
You worshipped Okawaru.
Okawaru was aware of your devotion.
You visited 2 branches of the dungeon, and saw 9 of its levels.

You collected 338 gold pieces.

Inventory:

Missiles
 h - 23 poisoned darts (quivered)
 m - 6 boomerangs
 u - a throwing net
Armour
 s - a +1 kite shield
Jewellery
 e - an amulet of magic regeneration
 l - a ring of willpower (left tentacle)
 n - an amulet of faith
 o - an amulet of regeneration (around mantle)
Wands
 b - a wand of flame (17)
Scrolls
 a - 2 scrolls of teleportation
 c - 2 scrolls of enchant armour
 d - 3 scrolls of magic mapping
 k - 4 scrolls of amnesia
 t - 2 scrolls of enchant weapon
Potions
 f - a potion of resistance
 j - a potion of lignification
 p - 3 potions of mutation
 q - a potion of ambrosia
 r - 2 potions of attraction
 w - 2 potions of haste
 x - a potion of cancellation
 z - 2 potions of heal wounds


   Skills:
 - Level 6.0 Fighting
 - Level 6.0 Dodging
 - Level 4.0 Stealth
 - Level 8.0 Unarmed Combat
 - Level 2.0 Spellcasting
 - Level 2.0 Transmutations
 - Level 4.0 Invocations
 + Level 3.2 Evocations


You had 5 spell levels left.
You knew the following spells:

 Your Spells              Type           Power        Failure   Level
a - Beastly Appendage     Tmut           18%          8%          1
b - Wereblood             Tmut           9%           12%         2
c - Spider Form           Tmut/Pois      2%           34%         3
d - Corona                Hex            1%           19%         1

Your spell library contained the following spells:

 Spells                   Type           Power        Failure   Level
 Sandblast                Erth           2%           19%         1
 Passwall                 Tmut/Erth      4%           19%         2
 Ensorcelled Hibernation  Hex/Ice        2%           26%         2
 Slow                     Hex            1%           26%         2
 Confusing Touch          Hex            1%           47%         3
 Dazzling Flash           Conj/Hex       2%           47%         3
 Inner Flame              Hex/Fire       1%           47%         3
 Portal Projectile        Hex/Tloc       2%           47%         3
 Stone Arrow              Conj/Erth      2%           47%         3
 Tukima's Dance           Hex            1%           47%         3
 Ice Form                 Ice/Tmut       5%           75%         4
 Petrify                  Tmut/Erth      5%           75%         4
 Cause Fear               Hex            0%           87%         4
 Leda's Liquefaction      Hex/Erth       0%           87%         4
 Blade Hands              Tmut           4%           91%         5
 Lee's Rapid Deconstruct  Erth           0%           99%         5


Dungeon Overview and Level Annotations

Branches:
Dungeon (8/15)             Temple (1/1) D:7            Lair (0/6) D:8

Altars:
Dithmenos
Elyvilon
Fedhas
Hepliaklqana
Kikubaaqudgha
Makhleb
Nemelex Xobeh
Okawaru
Qazlal
Ru
Sif Muna
Uskayaw
Vehumet
Wu Jian
Xom
Yredelemnul
Zin
The Shining One

Annotations:
D:1 fire vault
D:3 1 runed translucent door, 2 transporters, wakim's ghost, amateur OpVM
D:5 exclusion: shadow imp, Edmund; Menkaure


Innate Abilities, Weirdness & Mutations

You cannot wear most types of armour.
You are very stealthy in the water. (Stealth+)
You are amphibious.
You can wear up to eight rings at the same time.
You can use your tentacles to constrict eight enemies at once.
Your skin changes colour to match your surroundings (Stealth+).
Your rubbery body absorbs attacks. (AC +1, EV +1)


Message History

Okawaru accepts your kill.
You hear an angry buzzing noise.
Your primal bloodlust has ended.
You completely miss the killer bee. Your grab misses the killer bee.
Your squeeze misses the killer bee. The killer bee barely misses you.
The killer bee stings you!
* * * LOW HITPOINT WARNING * * *
Unknown command.
You tentacle-slap the killer bee but do no damage.
You grab the killer bee. You constrict the killer bee.
The killer bee barely misses you. The killer bee misses you.
The killer bee barely misses you.
Unknown command.
You tentacle-slap the killer bee but do no damage.
Your grab misses the killer bee.
You constrict the killer bee, but do no damage.
The killer bee closely misses you. x2
Unknown command.
You miss the killer bee. Your grab misses the killer bee.
Your squeeze misses the killer bee. You constrict the killer bee.
The killer bee stings you.
* * * LOW HITPOINT WARNING * * *
The killer bee completely misses you. The killer bee stings you.
* * * LOW HITPOINT WARNING * * *
The killer bee misses you.
You tentacle-slap the killer bee but do no damage.
Your grab misses the killer bee. Your squeeze misses the killer bee.
You constrict the killer bee. The killer bee barely misses you. x3
The killer bee misses you.
Unknown command.
Press: ? - help, v - describe, . - travel
Here: a killer bee (lightly wounded, constricted by you)
The floor.
You tentacle-slap the killer bee. You grab the killer bee.
The killer bee is lightly wounded.
You constrict the killer bee. x2; The killer bee stings you!
* * * LOW HITPOINT WARNING * * *
You are poisoned.
The killer bee poisons you! The killer bee stings you.
You die...

#...J....######
#.###'##......# .z
#†)....+ #. #......# ..
#..†...# .. #......# .
#......# #...yy.###
###..@...# #......
#......# #.....(
#......# #......
#......# #......
#####.....)#######......
#...##...............# #
#....#...............# .
#....#...............#..
#....#...............+>.


You could see 2 killer bees.

Vanquished Creatures
  4 water moccasins (D:8)
  2 black bears (D:8)
  A sky beast (D:5)
  4 ogres
  A phantom (D:4)
  6 bullfrogs
  A killer bee (D:8)
  A wight (D:8)
  A bullfrog skeleton (D:4)
  An orc priest (D:5)
  5 hounds
  2 jellies
  3 iguanas
  Natasha (thrice) (D:4)
  3 orc wizards
  2 worker ants
  A hound zombie (D:6)
  A howler monkey zombie (D:5)
  6 gnolls
  8 adders
  2 shadow imps
  A white imp (D:6)
  4 ufetubi
  3 oozes
  A worm (D:4)
  5 dart slugs
  7 leopard geckos
  20 orcs
  A ball python (D:7)
  10 bats
  6 giant cockroaches
  11 goblins
  13 hobgoblins
  10 jackals
  3 quokkas
  6 frilled lizards
  A jackal skeleton (D:6)
  10 kobolds
  7 rats
177 creatures vanquished.

Vanquished Creatures (others)
  A hobgoblin (D:1)
  26 fungi (D:8)
  28 plants (D:8)
55 creatures vanquished.

Grand Total: 232 creatures vanquished

Notes
Turn   | Place    | Note
-------+----------+-------------------------------------------
     0 | D:1      | tilp the Octopode Transmuter began the quest for the Orb.
     0 | D:1      | Reached XP level 1. HP: 13/13 MP: 3/3
    16 | D:1      | Reached skill level 1 in Stealth
   153 | D:1      | Reached XP level 2. HP: 9/18 MP: 5/5
   156 | D:1      | Learned a level 2 spell: Wereblood
   437 | D:1      | Reached XP level 3. HP: 17/23 MP: 3/6
  1092 | D:2      | Learned a level 3 spell: Spider Form
  1496 | D:2      | Found a basalt altar of Yredelemnul.
  1508 | D:2      | Reached XP level 4. HP: 29/29 MP: 7/7
  2579 | D:2      | Found a sparkling altar of Nemelex Xobeh.
  2579 | D:2      | Found a shadowy altar of Dithmenos.
  2665 | D:3      | Reached XP level 5. HP: 2/35 MP: 8/8
  3076 | D:3      | Reached skill level 4 in Unarmed Combat
  3766 | D:3      | Found a runed translucent door.
  3766 | D:3      | Noticed wakim's ghost (amateur OpVM)
  3775 | D:3      | Found a transporter.
  4080 | D:3      | Found a transporter.
  4084 | D:3      | Noticed an ogre
  4086 | D:3      | Found a hazy altar of Hepliaklqana.
  4575 | D:4      | Reached XP level 6. HP: 42/42 MP: 9/9
  4670 | D:4      | Noticed Natasha
  4680 | D:4      | Killed Natasha
  5057 | D:4      | Found a radiant altar of Vehumet.
  5087 | D:4      | Reached skill level 5 in Unarmed Combat
  5189 | D:4      | Noticed Natasha
  5197 | D:4      | Killed Natasha
  5314 | D:4      | Reached XP level 7. HP: 29/48 MP: 10/10
  5368 | D:4      | Noticed Natasha
  5374 | D:4      | Killed Natasha
  5375 | D:4      | Reached skill level 6 in Unarmed Combat
  5471 | D:5      | Entered Level 5 of the Dungeon
  5561 | D:5      | Found a glowing golden altar of the Shining One.
  5765 | D:5      | Noticed Edmund
  5978 | D:5      | Found a glowing silver altar of Zin.
  6196 | D:5      | Found a stormy altar of Qazlal.
  6229 | D:5      | Noticed Menkaure
  6629 | D:6      | Reached XP level 8. HP: 26/54 MP: 9/11
  6932 | D:6      | Reached skill level 5 in Fighting
  7228 | D:7      | Reached skill level 7 in Unarmed Combat
  7505 | D:7      | Found a staircase to the Ecumenical Temple.
  7514 | Temple   | Entered the Ecumenical Temple
  7603 | Temple   | Became a worshipper of Warmaster Okawaru
  7665 | D:7      | Learned a level 1 spell: Corona
  8147 | D:8      | Reached skill level 5 in Dodging
  8173 | D:8      | Reached XP level 9. HP: 24/62 MP: 12/12
  8223 | D:8      | Reached * piety under Okawaru
  8224 | D:8      | Reached skill level 8 in Unarmed Combat
  8228 | D:8      | Reached skill level 1 in Invocations
  8274 | D:8      | Found a staircase to the Lair.
  8414 | D:8      | Reached skill level 1 in Evocations
  8485 | D:8      | Slain by a killer bee

Illustrated notes

Levels and vault maps discovered:
D:1:      dpeg_arrival_orchard, layout_loops_ring, lemuel_flame_loot_1
D:2:      layout_loops_cross, yredelemnul_altar_generic,
          gammafunk_temple_overflow_wave
D:3:      layout_basic, gammafunk_temple_overflow_arena,
          ebering_ghost_reflecting_pool
D:4:      minmay_spotlight, layout_basic, old_standard_altar, uniq_natasha
D:5:      layout_loops_ring, slow_altar_2, kennysheep_mini, lemuel_round_altar,
          overflow_temple_1_default, uniq_edmund, uniq_menkaure,
          uniq_crazy_yiuf_cottage
D:6:      layout_basic
D:7:      layout_basic, minmay_temple_entry_slanted
D:8:      layout_gridville, lemuel_crystal_altar, lightli_temple_of_fire,
          due_lair_maze_entry_diamond, uniq_maggie, uniq_gastronok
Temple:   zaba_magenta_temple

Skill      XL: |  1  2  3  4  5  6  7  8  9 |
---------------+----------------------------+-----
Stealth        | 2 3 4 |  4.0
Fighting       | 2 3 4 6 |  6.0
Unarmed Combat | 4 5 6 7 8 |  8.0
Dodging        | 3 5 6 |  6.0
Invocations    | 4 |  4.0
Evocations     | 3 |  3.2
Spellcasting   | |  2.0
Transmutations | |  2.0

Action                   |  1- 3 |  4- 6 |  7- 9 || total
-------------------------+-------+-------+-------++-------
Melee: Unarmed           |    87 |   198 |   257 ||   542
       Constrict         |    28 |    49 |    51 ||   128
       Tentacles         |    13 |    31 |    35 ||    79
       Punch             |     2 |     4 |    18 ||    24
       Kick              |     7 |    20 |    49 ||    76
Throw: Stone             |       |     2 |       ||     2
       Dart              |       |       |    39 ||    39
 Cast: Beastly Appendage |     5 |    13 |    33 ||    51
       Wereblood         |     2 |     6 |     8 ||    16
       Corona            |       |       |     1 ||     1
  Use: Scroll            |     2 |     7 |    11 ||    20
       Potion            |       |     3 |     3 ||     6
 Stab: Sleeping          |    11 |    14 |     2 ||    27
       Distracted        |       |     1 |       ||     1
Armor: Skin              |     4 |    13 |    13 ||    30
Dodge: Dodged            |    51 |   118 |   191 ||   360

Table legend: (Time is in decaauts)
 A = Elapsed time spent in this place.
 B = Non-inter-level travel time spent in this place.
 C = Inter-level travel time spent in this place.
 D = Time resting spent in this place.
 E = Time spent auto-exploring this place.
 F = Levels seen in this place.
 G = Mean time per level.
                   A        B        C        D        E       F      G
               +--------+--------+--------+--------+--------+-----+--------+
         Total |   8424 |   8179 |    245 |   1555 |   5158 |   9 |  936.0 |
       Dungeon |   8317 |   8123 |    194 |   1555 |   5104 |   8 | 1039.6 |
        Temple |    106 |     55 |     51 |      0 |     54 |   1 |  106.0 |
               +--------+--------+--------+--------+--------+-----+--------+

Top non-repeatable levels by time:
     D:2: 1868 daAuts
     D:3: 1641 daAuts
     D:1: 1074 daAuts
     D:5: 1034 daAuts
     D:4: 859 daAuts
     D:7: 812 daAuts
     D:6: 696 daAuts
     D:8: 331 daAuts
  Temple: 106 daAuts
